 Dungeon Crawl Stone Soup version 0.31-a0-234-gad7ace16ef (webtiles) character file.

Game seed: 9053777003087351771

64 qw the Shooter (level 4, -2/26 HPs)
             Began as a Gargoyle Hexslinger on July 9, 2023.
             Slain by a hobgoblin (4 damage)
             ... led by Robin
             ... on level 2 of the Dungeon.
             The game lasted 00:00:32 (1022 turns).

qw the Shooter (Gargoyle Hexslinger)                Turns: 1022, Time: 00:00:32

Health: -2/26      AC:  8    Str: 11    XL:     4   Next: 12%
Magic:  5/5        EV: 11    Int: 14    God:
Gold:   58         SH:  0    Dex: 14    Spells: 4/5 levels left

rFire   . . .        Y - +1 sling
rCold   + . .        (no shield)
rNeg    + . .        f - +1 leather armour {rC+}
rPois   inf          j - +0 helmet
rElec   +            (no cloak)
rCorr   .            (no gloves)
SInv    .            (no boots)
Will    +....        m - amulet of regeneration
Stlth   +            i - ring of willpower
HPRegen 1.04/turn    (no ring)
MPRegen 0.09/turn

%: no passive effects
@: no status effects
A: sickness immunity, AC +3, negative energy resistance 1, electricity
resistance, torment resistance 1, petrification resistance
a: no special abilities


You were on level 2 of the Dungeon.
You visited 1 branch of the dungeon, and saw 2 of its levels.

You collected 58 gold pieces.


Innate Abilities, Weirdness & Mutations

You are immune to sickness and miasma.
Your stone body is resilient. (AC +3)
You are immune to poison.
You resist negative energy. (rN+)
You are resistant to electric shocks. (rElec)
You are resistant to unholy torment.
You are immune to petrification.


   Skills:
 - Level 2.0 Fighting
 + Level 3.9 Ranged Weapons
 - Level 1.5 Dodging
 - Level 1.0 Spellcasting
 - Level 2.6 Hexes


You had 4 spell levels left.
You knew the following spells:

 Your Spells              Type           Power      Damage    Failure   Level
a - Slow                  Hex            32%        N/A       12%         1

Your spell library contained the following spells:

 Spells                   Type           Power      Damage    Failure   Level
 Inner Flame              Hex/Fire       4%         N/A       52%         3
 Portal Projectile        Hex/Tloc       8%         N/A       52%         3
 Cause Fear               Hex            4%         N/A       75%         4

Inventory:

Hand Weapons
 Y - a +1 sling (weapon)
Armour
 f - a +1 leather armour of cold resistance (worn)
 j - a +0 helmet (worn)
Jewellery
 i - a ring of willpower (left hand)
 m - an amulet of regeneration (around neck)
Potions
 a - a potion of cancellation {unknown}
 l - a potion of degeneration {unknown}

Dungeon Overview and Level Annotations

Branches:
Dungeon (2/15)

Altars:


Message History

The goblin hits you with a +0 club. The goblin hits you with a +0 dagger.
You shoot a sling bullet. The sling bullet barely misses Robin.
The hobgoblin hits you but does no damage.
The goblin barely misses you. Robin hits you but does no damage.
The goblin closely misses you. The goblin barely misses you.
You shoot a sling bullet. The sling bullet hits Robin!
Robin is severely wounded.
Robin hits you but does no damage. The hobgoblin closely misses you.
The goblin closely misses you. x3; Robin hits you but does no damage.
The hobgoblin barely misses you. The goblin hits you with a +0 dagger.
The goblin completely misses you. The goblin closely misses you.
You shoot a sling bullet. The sling bullet closely misses Robin.
The hobgoblin hits you but does no damage.
The goblin barely misses you. The goblin hits you but does no damage.
The goblin barely misses you.
You shoot a sling bullet. The sling bullet hits Robin.
You kill Robin!
The goblin no longer looks unusually strong.
The goblin barely misses you. The hobgoblin closely misses you.
The goblin hits you but does no damage.
You have reached level 4!
You feel clever.
You shoot a sling bullet. The sling bullet hits the goblin.
You kill the goblin!
The goblin no longer looks unusually strong.
The hobgoblin no longer looks unusually strong.
The goblin hits you with a +0 dagger. The goblin barely misses you.
The hobgoblin closely misses you.
You shoot a sling bullet.
The sling bullet barely misses the goblin.
The goblin no longer looks unusually strong.
The frilled lizard barely misses you. The goblin hits you with a +0 club.
The goblin barely misses you. The goblin misses you. The hobgoblin misses you.
The goblin hits you but does no damage. The hobgoblin barely misses you.
The frilled lizard closely misses you. The goblin hits you but does no damage.
The goblin hits you with a +0 dagger.
You shoot a sling bullet. The sling bullet hits the goblin.
You kill the goblin!
The goblin no longer looks unusually strong.
The goblin closely misses you. The hobgoblin hits you.
You die...

#g #g #g#
#g. #..##
#.#.## #
#....#.#
#.#lg..#
#gg@g..#
#.##g##.#
#.###.# .#
#. #...# #
#. #.###
####
####.####.#
...#
##......##.#
...#
#.......##.#
...#
#..###..##.#


You could see a hobgoblin, 4 goblins and a frilled lizard.

Vanquished Creatures
  Robin (D:2)
  An adder (D:2)
  2 ball pythons (D:1)
  5 endoplasms
  2 giant cockroaches (D:1)
  5 goblins (D:2)
  2 hobgoblins (D:1)
  3 jackals (D:2)
  A quokka (D:1)
  4 bats (D:1)
  3 frilled lizards (D:1)
  5 kobolds
  7 rats (D:1)
41 creatures vanquished.

Notes
Turn   | Place    | Note
-------+----------+-------------------------------------------
     0 | D:1      | qw the Gargoyle Hexslinger began the quest for the Orb.
     0 | D:1      | Reached XP level 1. HP: 12/12 MP: 2/2
     0 | D:1      | 0 ||| qw: Version: 0.3-a-51-g015441d
     0 | D:1      | 0 ||| qw: Game counter: 4298
     0 | D:1      | 0 ||| qw: Melee chars always use a shield: true
     0 | D:1      | 0 ||| qw: God list: Okawaru
     0 | D:1      | 0 ||| qw: Allow faded altars: false
     0 | D:1      | 0 ||| qw: Do Orc after clearing Dungeon:15 true
     0 | D:1      | 0 ||| qw: Do second Lair branch before Depths: true
     0 | D:1      | 0 ||| qw: Lair rune preference: random
     0 | D:1      | 0 ||| qw: Goals: Normal
     0 | D:1      | 0 ||| PLANNING D:1-11
   167 | D:1      | Reached XP level 2. HP: 16/16 MP: 3/3
   241 | D:1      | Reached skill level 3 in Ranged Weapons
   631 | D:1      | Reached XP level 3. HP: 21/21 MP: 4/4
   831 | D:1      | 831 ||| UPGRADING to +0 ring mail.
   841 | D:1      | 841 ||| DROPPING +0 robe.
   842 | D:1      | 842 ||| UPGRADING to +1 leather armour of cold resistance.
   852 | D:1      | 852 ||| DROPPING +0 ring mail.
   853 | D:1      | 853 ||| UPGRADING to +0 helmet.
   858 | D:1      | 858 ||| UPGRADING to amulet of the acrobat.
   863 | D:1      | 863 ||| UPGRADING to amulet of regeneration.
   873 | D:1      | 873 ||| DROPPING amulet of the acrobat.
   874 | D:1      | 874 ||| UPGRADING to ring of willpower.
   875 | D:1      | 875 ||| READING 2 scrolls labelled PEUFOHEERY.
   876 | D:1      | 876 ||| READING scroll labelled ROSHRY XAORAO.
   877 | D:1      | 877 ||| READING scroll labelled ROIZXA XOTOOGY.
   878 | D:1      | 878 ||| READING scroll labelled GAADOWUA BITA.
   882 | D:1      | 882 ||| DROPPING scroll of fear.
   883 | D:1      | 883 ||| DROPPING scroll of poison.
  1004 | D:2      | Noticed Robin
  1005 | D:2      | 1005 ||| Stepping ~*~*~tactically~*~*~ (outnumbered).
  1013 | D:2      | HP: 2/21 [hobgoblin[Robin] (5)]
  1019 | D:2      | Killed Robin
  1020 | D:2      | Reached XP level 4. HP: 5/26 MP: 5/5
  1020 | D:2      | HP: 4/26 [goblin/+0 dagger[Robin] (2)]
  1021 | D:2      | HP: 1/26 [goblin/+0 dagger[Robin] (1)]
  1022 | D:2      | Slain by a hobgoblin

Levels and vault maps discovered:
D:1:      nagdon_arrival_double_spiral, layout_basic, serial_forest,
          infiniplex_forest_lined_corner, infiniplex_forest_lined_room_2,
          infiniplex_forest_lined_ring, infiniplex_forest_join,
          infiniplex_forest_clump_small
D:2:      layout_loops_cross, ebering_ecumenical_altar_abandoned, uniq_robin

Skill      XL: |  1  2  3 |
---------------+----------+-----
Ranged Weapons | 3 |  3.9
Fighting       | 2 |  2.0
Dodging        | |  1.5
Spellcasting   | |  1.0
Hexes          | |  2.6

Action                     |  1- 3 |  4- 6 || total
---------------------------+-------+-------++-------
   Fire: Sling             |   132 |     3 ||   135
    Use: Scroll            |     4 |       ||     4
 Armour: Robe              |     5 |       ||     5
         Leather armour    |    48 |     2 ||    50
  Dodge: Dodged            |    99 |     9 ||   108

Table legend:
 A = Non-vault XP
 B = Vault XP
 C = Vault XP percentage of total XP
 D = Non-vault monster count
 E = Vault monster count
 F = Vault count percentage of total count
                 A         B        C        D         E       F
            +---------+---------+-------+---------+---------+-------
      Total |      68 |      26 |  27.7 |      35 |       6 |  14.6
            +---------+---------+-------+---------+---------+-------
        D:1 |      41 |       0 |   0.0 |      27 |       0 |   0.0
        D:2 |      27 |      26 |  49.1 |       8 |       6 |  42.9
            +---------+---------+-------+---------+---------+-------
